 Dungeon Crawl Stone Soup version 0.21-a0-504-g2eda330 (webtiles) character file.

2548 slep the Spear-Bearer (level 9, -3/69 HPs)
             Began as a Demonspawn Gladiator on Nov 25, 2017.
             Slain by an orc warrior
             ... wielding a +0 dire flail
              (4 damage)
             ... on level 7 of the Dungeon.
             The game lasted 00:30:14 (5380 turns).

slep the Spear-Bearer (Demonspawn Gladiator)        Turns: 5380, Time: 00:30:15

Health: -3/69      AC: 13    Str: 17    XL:     9   Next: 30%
Magic:  0/9        EV: 15    Int:  9    God:
Gold:   252        SH:  0    Dex: 16    Spells: 8/8 levels left

rFire    . . .     SeeInvis .   a - +0 trident
rCold    . . .     Gourm    .   (no shield)
rNeg     + . .     Faith    .   x - +2 ring mail {rN+}
rPois    .         Spirit   +   c - +0 helmet
rElec    .         Reflect  .   n - +0 cloak
rCorr    .         Harm     .   (no gloves)
MR       .....                  (no boots)
Stlth    ..........             (no amulet)
HPRegen  0.21/turn              y - +2 ring of evasion
MPRegen  0.11/turn              g - ring of loudness (curse)

@: no status effects
A: hooves 1, molten scales 2, powered by death 1, magic shield
a: no special abilities


You were on level 7 of the Dungeon.
You were not hungry.

You visited 1 branch of the dungeon, and saw 7 of its levels.
You also visited: Sewer.

You collected 252 gold pieces.

Inventory:

Hand Weapons
 a - a +0 trident (weapon)
Armour
 c - a +0 helmet (worn)
 n - a +0 cloak (worn)
 x - a +2 ring mail of positive energy (worn)
Jewellery
 e - an uncursed ring of stealth
 g - a cursed ring of loudness (right hand)
 h - an uncursed ring of fire
 r - an uncursed ring of see invisible
 y - a +2 ring of evasion (left hand)
Scrolls
 i - 9 scrolls of identify {unknown}
 j - a scroll of enchant armour {unknown}
 k - 6 scrolls of teleportation {unknown}
 o - a scroll of random uselessness {unknown}
 p - 3 scrolls of amnesia {unknown}
 q - 4 scrolls of remove curse {unknown}
 t - 2 scrolls of fear {unknown}
 u - 3 scrolls of blinking {unknown}
 v - a scroll of immolation {unknown}
 w - a scroll of enchant weapon {unknown}
Potions
 z - a potion of heal wounds
Comestibles
 b - a royal jelly
 f - 5 bread rations
 l - 11 fruits
 m - 2 chunks of flesh
 s - 2 meat rations


   Skills:
 + Level 6.2 Fighting
 + Level 8.8 Polearms
 + Level 2.0 Throwing
 + Level 3.8 Armour
 + Level 4.6 Dodging
 + Level 1.4 Stealth


You had 8 spell levels left.
You didn't know any spells.

Dungeon Overview and Level Annotations

Branches:
Dungeon (7/15)
 Temple: D:4-7

Altars:
Gozag
Ru

Shops:
D:4 :

Annotations:
D:4 relicbr's ghost, amateur DEFE
D:7 forescape's ghost, novice DENe


Innate Abilities, Weirdness & Mutations

You have large cloven feet.
You are mostly covered in molten scales. (AC +3)
You regenerate a little health from kills.
When hurt, damage is shared between your health and your magic reserves.


Message History

You closely miss the orc warrior.
The orc warrior is almost dead.
The orc warrior completely misses you.
You closely miss the orc warrior.
The orc warrior is almost dead.
The orc warrior completely misses you.
You completely miss the orc warrior. Your kick misses the orc warrior.
The orc warrior is almost dead.
The orc warrior hits you with a dire flail!
* * * LOW HITPOINT WARNING * * *
You barely miss the orc warrior. Your kick misses the orc warrior.
The orc warrior is almost dead.
You barely miss the orc warrior.
The orc warrior is almost dead.
The orc warrior closely misses you.
You hit the orc warrior.
You kick the orc warrior, but do no damage.
The orc warrior is almost dead.
The orc warrior hits you with a dire flail.
You die...

### ...
#########.###.#
........).....#
#@#
......))o5....>
..#............
#............
..............
...#...........
...#...........
.. ############


You could see an orc warrior and a crimson imp.

Vanquished Creatures
  The ghost of jlumianski the Ducker, an amateur TrWz of Qazlal (Sewer)
  A black bear (D:6)
  A phantom (D:4)
  4 ogres
  An ice beast (D:6)
  A centaur (D:5)
  3 bullfrogs
  Blork the orc (D:6)
  A wyvern zombie (D:6)
  A scorpion (D:6)
  A wight (D:6)
  3 howler monkeys
  A crimson imp (D:5)
  2 hounds (D:6)
  5 orc wizards
  6 orc priests
  2 bullfrog skeletons (D:4)
  Crazy Yiuf (D:3)
  2 centaur skeletons
  3 iguanas
  3 worker ants
  A hound zombie (D:5)
  A howler monkey zombie (D:6)
  A worker ant zombie (D:6)
  17 adders
  A river rat (D:6)
  11 oozes (Sewer)
  An adder skeleton (D:4)
  6 worms
  3 dart slugs
  14 leopard geckos
  34 orcs
  12 ball pythons
  21 giant cockroaches
  7 goblins
  9 hobgoblins
  10 jackals
  2 quokkas
  8 bats
  17 frilled lizards
  7 kobolds
  A leopard gecko skeleton (D:5)
  A leopard gecko zombie (D:5)
  A quokka zombie (D:6)
  5 rats
235 creatures vanquished.

Notes
Turn   | Place    | Note
-------+----------+-------------------------------------------
     0 | D:1      | slep the Demonspawn Gladiator began the quest for the Orb.
     0 | D:1      | Reached XP level 1. HP: 16/16 MP: 1/1
    68 | D:1      | Gained mutation: When hurt, damage is shared between your health and your magic reserves. [demonic ancestry]
    68 | D:1      | Reached XP level 2. HP: 20/22 MP: 2/2
   103 | D:1      | Reached skill level 3 in Polearms
   591 | D:2      | Reached XP level 3. HP: 19/28 MP: 1/3
  1018 | D:2      | Reached XP level 4. HP: 29/34 MP: 4/4
  1588 | D:3      | Found a faded altar of an unknown god.
  1716 | D:3      | Noticed an ogre
  1730 | D:3      | Killed an ogre
  1730 | D:3      | Reached skill level 4 in Polearms
  1730 | D:3      | Reached skill level 1 in Armour
  1730 | D:3      | Gained mutation: You regenerate a little health from kills. [demonic ancestry]
  1730 | D:3      | Reached XP level 5. HP: 28/41 MP: 5/5
  1951 | D:3      | Found a runed door.
  2003 | D:4      | Found an opulent altar of Gozag.
  2029 | D:4      | Noticed an ogre
  2058 | D:4      | HP: 1/41 [ogre/giant club (4)]
  2063 | D:4      | Killed an ogre
  2063 | D:4      | Reached skill level 5 in Polearms
  2063 | D:4      | Gained mutation: You are partially covered in molten scales. (AC +2) [demonic ancestry]
  2063 | D:4      | Reached XP level 6. HP: 2/47 MP: 0/6
  2148 | D:4      | Found Ucuph's Book Shoppe.
  2630 | D:4      | Noticed relicbr's ghost (amateur DEFE)
  2679 | D:5      | Entered Level 5 of the Dungeon
  2713 | D:5      | Gained mutation: You have large cloven feet. [demonic ancestry]
  2713 | D:5      | Reached XP level 7. HP: 25/53 MP: 3/7
  2777 | D:5      | Reached skill level 6 in Polearms
  3206 | D:4      | Reached skill level 7 in Polearms
  3254 | D:4      | Reached XP level 8. HP: 38/61 MP: 5/8
  3794 | D:3      | Noticed Crazy Yiuf
  3806 | D:3      | Killed Crazy Yiuf
  3853 | D:3      | You fall through a shaft for 2 floors!
  3882 | D:6      | Reached skill level 1 in Stealth
  4015 | D:6      | Found a glowing drain.
  4041 | Sewer    | Entered a sewer
  4043 | Sewer    | Reached skill level 5 in Fighting
  4206 | Sewer    | Noticed jlumianski's ghost (amateur TrWz)
  4237 | Sewer    | Killed jlumianski's ghost
  4237 | Sewer    | Reached skill level 8 in Polearms
  4573 | D:6      | Gained mutation: You are mostly covered in molten scales. (AC +3) [demonic ancestry]
  4573 | D:6      | Reached XP level 9. HP: 39/68 MP: 5/9
  4636 | D:6      | Noticed Blork the orc
  4650 | D:6      | Killed Blork the orc
  4998 | D:6      | Found a sacrificial altar of Ru.
  5281 | D:7      | Noticed forescape's ghost (novice DENe)
  5377 | D:7      | HP: 1/69 [orc warrior/dire flail (10)]
  5380 | D:7      | Slain by an orc warrior

Vault maps used:
D:1:      minmay_arrival_plants_in_alcoves, minmay_misc_feat_more_columns,
          grunt_decor_clamped, serial_bayou_pond_a
D:3:      chequers_ecumenical_altar_simple, first_bread, uniq_crazy_yiuf_cottage
D:4:      serial_shops, shop, nicolae_gozag_seed_capital
D:6:      marbit_many_paths, portal_sewer_entry_c, uniq_blork_the_orc
D:7:      minmay_temple_entry_overgrown, st_stairs_3, uniq_duvessa
Sewer:    sewer_frog_island_02

Skill      XL: |  1  2  3  4  5  6  7  8  9 |
---------------+----------------------------+-----
Polearms       | 3 4 5 7 8 |  8.8
Dodging        | 3 4 |  4.6
Fighting       | 3 4 5 6 |  6.2
Armour         | 1 2 3 |  3.8
Throwing       | 2 |  2.0
Stealth        | 1 |  1.4

Action                   |  1- 3 |  4- 6 |  7- 9 || total
-------------------------+-------+-------+-------++-------
Melee: Trident           |   137 |   257 |   621 ||  1015
       Kick              |       |       |   184 ||   184
Throw: Throwing net      |       |     3 |     2 ||     5
  Use: Potion            |       |     3 |     1 ||     4
 Stab: Held in net/web   |       |     2 |     3 ||     5
       Invisible         |       |       |     4 ||     4
  Eat: Chunk             |       |     6 |    10 ||    16
Armor: Leather armour    |    22 |       |       ||    22
       Chain mail        |    29 |   132 |    56 ||   217
       Ring mail         |       |       |   161 ||   161
Dodge: Dodged            |    78 |    84 |   334 ||   496

Table legend:
 A = Spawn XP
 B = Non-spawn XP
 C = Spawn XP percentage of total XP
 D = Spawn monster count
 E = Non-spawn monster count
 F = Spawn count percentage of total count
 G = Total turns spent on level
                    A         B        C        D         E        F      G
               +---------+---------+-------+---------+---------+-------+---------
         Total |       0 |    3641 |   0.0 |       0 |     235 |   0.0 |  5380
               +---------+---------+-------+---------+---------+-------+---------
           D:1 |       0 |      32 |   0.0 |       0 |      18 |   0.0 |   577
           D:2 |       0 |      78 |   0.0 |       0 |      24 |   0.0 |   984
           D:3 |       0 |     232 |   0.0 |       0 |      24 |   0.0 |   607
           D:4 |       0 |     865 |   0.0 |       0 |      42 |   0.0 |  1174
           D:5 |       0 |     612 |   0.0 |       0 |      28 |   0.0 |   530
           D:6 |       0 |    1111 |   0.0 |       0 |      33 |   0.0 |  1070
           D:7 |       0 |      87 |   0.0 |       0 |       4 |   0.0 |    52
         Sewer |       0 |     624 |   0.0 |       0 |      62 |   0.0 |   386
               +---------+---------+-------+---------+---------+-------+---------
